[Event "CZE-ch U10 2020"]
[Site "Kouty nad Desnou"]
[Date "2020.03.07"]
[Round "1.1"]
[White "Policar, Martin"]
[Black "Bouska, Jiri"]
[Result "0-1"]
[ECO "B21"]
[WhiteElo "1264"]
[BlackElo "1643"]
[Annotator "NA RC"]
[PlyCount "64"]
[EventDate "2020.03.07"]
[EventCountry "CZE"]
[SourceTitle "playchess.com"]
[Source "ChessBase"]
[SourceQuality "1"]
[TimeControl "5400+30"]

1. e4 c5 2. d4 cxd4 3. c3 Nf6 4. Nf3 Nxe4 5. Qxd4 Nf6 6. Bg5 Nc6 7. Qf4 h6 8. Bxf6 exf6 9. Bc4 d5 10. Bd3 Bd6 11. Qe3+ Qe7 12. Qxe7+ Kxe7 13. O-O Be6 14. Re1 Ne5 15. Nxe5 fxe5 16. Nd2 e4 17. Bc2 f5 18. f3 Bc5+ 19. Kh1 e3 20. Nb3 Bb6 21. Nd4 Bxd4 22. cxd4 f4 23. Rac1 Rac8 24. Bd3 g5 25. h3 h5 26. Kh2 Rxc1 27. Rxc1 Rc8 28. Rd1 Kf6 29. Bh7 Bf5 30. Bxf5 Kxf5 31. a3 Rc2 32. b4 Ra2 0-1

[Event "CZE-ch U10 2020"]
[Site "Kouty nad Desnou"]
[Date "2020.03.07"]
[Round "1.3"]
[White "Komarek, Tobias"]
[Black "Stary, Vojtech"]
[Result "1-0"]
[ECO "C67"]
[WhiteElo "1235"]
[BlackElo "1559"]
[Annotator "NA RC"]
[PlyCount "111"]
[EventDate "2020.03.07"]
[EventCountry "CZE"]
[SourceTitle "playchess.com"]
[Source "ChessBase"]
[SourceQuality "1"]
[TimeControl "5400+30"]

1. e4 e5 2. Nf3 Nc6 3. Bb5 Nf6 4. O-O Nxe4 5. Re1 Nd6 6. Bxc6 dxc6 7. Rxe5+ Be7 8. d4 h6 9. Nc3 Be6 10. Qe1 Qd7 11. Bf4 Nc4 12. Re2 Bf6 13. Rd1 O-O-O 14. Ne4 Be7 15. Nc5 Bxc5 16. b3 Nb6 17. Ne5 Qe7 18. dxc5 Qxc5 19. Nd3 Qe7 20. Be3 Nd5 21. Bc5 Qg5 22. c4 Nf4 23. Nxf4 Qxf4 24. Be3 Qf5 25. Rc1 Qg6 26. Bf4 Rhe8 27. Qa5 Rd7 28. Qxa7 Kd8 29. Rce1 Ke7 30. Qxb7 Kf8 31. Qxc6 Ree7 32. Be3 Kg8 33. Bc5 Re8 34. h3 Qf6 35. Qf3 Qg6 36. Qg3 Qh7 37. Be3 Rde7 38. Bf4 Rc8 39. Qf3 Qg6 40. Qg3 Qh7 41. Be3 Rce8 42. Bc5 Rd7 43. f4 Qf5 44. Re5 Qh7 45. f5 Ra8 46. fxe6 fxe6 47. Rxe6 Qf5 48. Bf2 Rxa2 49. Re8+ Kh7 50. R8e5 Qf6 51. Qf3 Qd8 52. Qf5+ g6 53. Qxd7+ Qxd7 54. Re7+ Qxe7 55. Rxe7+ Kg8 56. Rxc7 1-0

[Event "CZE-ch U10 2020"]
[Site "Kouty nad Desnou"]
[Date "2020.03.07"]
[Round "1.4"]
[White "Delgerdalai, Bayarjavkhlan"]
[Black "Chernyy, Andrey"]
[Result "1-0"]
[ECO "C60"]
[WhiteElo "1553"]
[BlackElo "1208"]
[Annotator "NA RC"]
[PlyCount "87"]
[EventDate "2020.03.07"]
[EventCountry "CZE"]
[SourceTitle "playchess.com"]
[Source "ChessBase"]
[SourceQuality "1"]
[TimeControl "5400+30"]

1. e4 e5 2. Nf3 Nc6 3. Bb5 Nge7 4. O-O g6 5. c3 Bg7 6. d4 exd4 7. cxd4 O-O 8. Nc3 d6 9. d5 Ne5 10. h3 Bd7 11. Nxe5 Bxe5 12. Bxd7 Qxd7 13. Bh6 Bg7 14. Bxg7 Kxg7 15. Qd4+ Kg8 16. Qf6 Rfd8 17. f4 Nc8 18. Rf3 Qe7 19. Qd4 Nb6 20. Re1 a6 21. Nd1 Nd7 22. Nf2 Re8 23. Ng4 Qf8 24. e5 Qg7 25. Qc3 h5 26. Nf2 Rac8 27. Rfe3 dxe5 28. fxe5 Nb6 29. Qb3 Nd7 30. Qxb7 Nc5 31. Qc6 Qf8 32. Rc3 Ne6 33. dxe6 Rxe6 34. Qc5 Qe8 35. Ne4 Kg7 36. Nf6 Qd8 37. Qd5 Qh8 38. Rc6 Re7 39. Qf3 Qh6 40. Nd5 Rd7 41. Qf6+ Kf8 42. e6 Re8 43. exd7 Rxe1+ 44. Kh2 1-0

[Event "CZE-ch U10 2020"]
[Site "Kouty nad Desnou"]
[Date "2020.03.07"]
[Round "1.5"]
[White "Milek, Tobias"]
[Black "Chon, Jeremy"]
[Result "0-1"]
[ECO "B35"]
[WhiteElo "1163"]
[BlackElo "1449"]
[Annotator "NA RC"]
[PlyCount "78"]
[EventDate "2020.03.07"]
[EventCountry "CZE"]
[SourceTitle "playchess.com"]
[Source "ChessBase"]
[SourceQuality "1"]
[TimeControl "5400+30"]

1. e4 c5 2. Nf3 g6 3. d4 cxd4 4. Nxd4 Bg7 5. Nc3 Nc6 6. Be3 Nf6 7. Bc4 O-O 8. Bb3 e6 9. f3 d5 10. Qd2 Nxd4 11. Bxd4 dxe4 12. O-O-O exf3 13. gxf3 a6 14. Bc5 Qxd2+ 15. Rxd2 Re8 16. Rhd1 Bh6 17. Bb6 Bd7 18. Bd4 e5 19. Bf2 Bc6 20. Bh4 Nh5 21. Kb1 Bxd2 22. Rxd2 Kg7 23. Rd6 f6 24. Rd1 g5 25. Bf2 Rad8 26. Rf1 Nf4 27. Bb6 Rd7 28. Ne4 h5 29. Nc5 Rd2 30. h4 gxh4 31. Rg1+ Rg2 32. Rxg2+ Nxg2 33. Ne6+ Kg6 34. c3 Bxf3 35. Bc2+ e4 36. Nc7 Re5 37. Bd4 h3 38. Bg1 f5 39. Bh2 f4 0-1

[Event "CZE-ch U10 2020"]
[Site "Kouty nad Desnou"]
[Date "2020.03.07"]
[Round "1.6"]
[White "Svadlenka, Dominik"]
[Black "Melnikov, Ivan"]
[Result "1/2-1/2"]
[ECO "E90"]
[WhiteElo "1410"]
[BlackElo "1253"]
[Annotator "NA RC"]
[PlyCount "85"]
[EventDate "2020.03.07"]
[EventCountry "CZE"]
[SourceTitle "playchess.com"]
[Source "ChessBase"]
[SourceQuality "1"]
[TimeControl "5400+30"]

1. d4 Nf6 2. c4 g6 3. Nc3 Bg7 4. e4 d6 5. Nf3 O-O 6. h3 e5 7. d5 a5 8. Be3 Na6 9. Be2 Nc5 10. Nd2 Ne8 11. O-O f5 12. f3 f4 13. Bf2 g5 14. a3 a4 15. Bxc5 dxc5 16. Nxa4 h5 17. Nxc5 b6 18. Nd3 Qf6 19. c5 bxc5 20. Nc4 Qg6 21. Ndxe5 Qf6 22. Nc6 Ba6 23. e5 Qf7 24. e6 Qf6 25. e7 Rf7 26. N4e5 Rxe7 27. Nxe7+ Qxe7 28. Bxa6 Qxe5 29. Bc4 Nd6 30. b3 Qe3+ 31. Kh2 Bxa1 32. Qxa1 Kf7 33. Qb1 Kg7 34. Re1 Qd4 35. Re7+ Kf8 36. Qh7 Rxa3 37. Rxc7 Qf6 38. Rc6 Ra1 39. Qd7 g4 40. fxg4 hxg4 41. Qxg4 Qe5 42. Qe6 Rh1+ 43. Kxh1 1/2-1/2

[Event "CZE-ch U10 2020"]
[Site "Kouty nad Desnou"]
[Date "2020.03.07"]
[Round "1.7"]
[White "Srba, Daniel"]
[Black "Alidis, Myron"]
[Result "0-1"]
[ECO "B80"]
[WhiteElo "1145"]
[BlackElo "1395"]
[Annotator "NA RC"]
[PlyCount "75"]
[EventDate "2020.03.07"]
[EventCountry "CZE"]
[SourceTitle "playchess.com"]
[Source "ChessBase"]
[SourceQuality "1"]
[TimeControl "5400+30"]

1. e4 c5 2. Nf3 e6 3. d4 cxd4 4. Nxd4 Nf6 5. Nc3 d6 6. Bg5 Be7 7. Bb5+ Bd7 8. Bxd7+ Qxd7 9. O-O O-O 10. Re1 Nc6 11. Nxc6 Qxc6 12. Qd2 Rfd8 13. Rad1 d5 14. e5 Ne4 15. Nxe4 dxe4 16. Qc1 Bxg5 17. Qxg5 Rxd1 18. Rxd1 h6 19. Qd2 Rc8 20. c3 Qa4 21. Qd7 Rc6 22. a3 Qc2 23. Qd2 Qxd2 24. Rxd2 Rc5 25. Re2 Rxe5 26. f4 Rb5 27. b4 f5 28. h3 h5 29. Rd2 Rd5 30. Re2 Rd3 31. Rc2 Rd1+ 32. Kf2 Ra1 33. Rd2 Rxa3 34. Rd8+ Kh7 35. Rd7 Rxc3 36. Rxb7 Rc2+ 37. Ke3 Rxg2 38. Kd4 0-1

[Event "CZE-ch U10 2020"]
[Site "Kouty nad Desnou"]
[Date "2020.03.07"]
[Round "1.8"]
[White "Roubal, Matyas"]
[Black "Letal, Hynek"]
[Result "1-0"]
[ECO "B53"]
[WhiteElo "1380"]
[BlackElo "1127"]
[Annotator "NA RC"]
[PlyCount "83"]
[EventDate "2020.03.07"]
[EventCountry "CZE"]
[SourceTitle "playchess.com"]
[Source "ChessBase"]
[SourceQuality "1"]
[TimeControl "5400+30"]

1. e4 c5 2. Nf3 d6 3. d4 cxd4 4. Qxd4 Nc6 5. Bb5 Bd7 6. Bxc6 Bxc6 7. Nc3 Nf6 8. Bg5 Qb6 9. Bxf6 exf6 10. Qxb6 axb6 11. O-O g6 12. Rad1 b5 13. a3 Rd8 14. Nd4 Rc8 15. Rd2 Be7 16. Ndxb5 Bxb5 17. Nxb5 Rc6 18. Rfd1 Kd7 19. f4 Rb6 20. c4 Rc8 21. b3 f5 22. e5 Rcc6 23. exd6 Bxd6 24. Rxd6+ Rxd6 25. Rxd6+ Rxd6 26. Nxd6 Kxd6 27. Kf2 Kc5 28. Ke3 f6 29. Kd3 g5 30. g3 b5 31. b4+ Kc6 32. cxb5+ Kxb5 33. Kd4 Kc6 34. a4 Kd6 35. b5 Kc7 36. Kc5 Kb7 37. b6 Kc8 38. Kc6 Kb8 39. b7 Ka7 40. Kc7 Ka6 41. b8=Q Ka5 42. Qb5# 1-0

[Event "CZE-ch U10 2020"]
[Site "Kouty nad Desnou"]
[Date "2020.03.07"]
[Round "1.9"]
[White "Soucek, Andrej"]
[Black "Gorej, Vojtech"]
[Result "0-1"]
[ECO "C01"]
[WhiteElo "1043"]
[BlackElo "1360"]
[Annotator "NA RC"]
[PlyCount "114"]
[EventDate "2020.03.07"]
[EventCountry "CZE"]
[SourceTitle "playchess.com"]
[Source "ChessBase"]
[SourceQuality "1"]
[TimeControl "5400+30"]

1. e4 e6 2. d4 d5 3. exd5 exd5 4. Bd3 Bd6 5. Ne2 Nf6 6. O-O O-O 7. Bf4 Nc6 8. c3 Ne7 9. Re1 Bf5 10. Qc2 Bxd3 11. Qxd3 Ng6 12. Bxd6 Qxd6 13. Nd2 Ng4 14. Qg3 Qxg3 15. Nxg3 Rfe8 16. h3 Nf6 17. Re3 Rxe3 18. fxe3 Re8 19. Kf2 Kf8 20. Nf5 Ne4+ 21. Nxe4 dxe4 22. h4 Re6 23. h5 Rf6 24. hxg6 Rxf5+ 25. Ke2 fxg6 26. Rh1 h5 27. Rh4 Ra5 28. a3 Rg5 29. Kf2 Rb5 30. b4 Rb6 31. Rxe4 Rc6 32. Rf4+ Kg8 33. e4 Rxc3 34. Rf3 Rxf3+ 35. Kxf3 g5 36. e5 Kf7 37. d5 g6 38. Ke4 c6 39. a4 cxd5+ 40. Kxd5 Ke7 41. a5 a6 42. Kc5 g4 43. Kb6 h4 44. Kxb7 h3 45. gxh3 gxh3 46. Kxa6 h2 47. b5 h1=Q 48. b6 Qa8+ 49. Kb5 Kd7 50. a6 Qc6+ 51. Ka5 Qc5+ 52. Ka4 Qxb6 53. Ka3 Qxa6+ 54. Kb4 Ke6 55. Kc5 Kxe5 56. Kb4 Kd4 57. Kb3 Ke5 0-1

[Event "CZE-ch U10 2020"]
[Site "Kouty nad Desnou"]
[Date "2020.03.07"]
[Round "1.10"]
[White "Svadlenka, Michal"]
[Black "Bulawa, Adam"]
[Result "0-1"]
[ECO "B12"]
[WhiteElo "1309"]
[BlackElo "1014"]
[Annotator "NA RC"]
[PlyCount "82"]
[EventDate "2020.03.07"]
[EventCountry "CZE"]
[SourceTitle "playchess.com"]
[Source "ChessBase"]
[SourceQuality "1"]
[TimeControl "5400+30"]

1. e4 c6 2. d4 d5 3. e5 Bf5 4. c3 e6 5. g4 Bg6 6. h4 h5 7. g5 Nd7 8. Ne2 Ne7 9. Nf4 Bf5 10. Nxh5 Be4 11. Rh2 Nf5 12. Qg4 g6 13. Nf6+ Nxf6 14. gxf6 Qb6 15. f3 Bxb1 16. Rxb1 O-O-O 17. Bd3 Bh6 18. Bxh6 Nxh6 19. Qf4 Nf5 20. h5 Rdg8 21. Kd2 g5 22. Qg4 Nh6 23. Qg3 g4 24. f4 Qd8 25. Rg1 Nf5 26. Bxf5 exf5 27. h6 Rh7 28. Rh5 Qd7 29. Qh4 Rg6 30. Rg3 b6 31. Qh1 Kd8 32. Rg2 Kc7 33. Rgh2 Kb7 34. Ke2 Kc7 35. Kf2 g3+ 36. Kf3 gxh2 37. Qxh2 c5 38. b3 c4 39. bxc4 dxc4 40. Qb2 Qd5+ 41. Ke3 Qe4+ 0-1

[Event "CZE-ch U10 2020"]
[Site "Kouty nad Desnou"]
[Date "2020.03.07"]
[Round "1.12"]
[White "Stefaniv, Vladyslav"]
[Black "Stejskal, Jakub"]
[Result "1-0"]
[ECO "C46"]
[WhiteElo "1265"]
[BlackElo "1557"]
[Annotator "NA RC"]
[PlyCount "41"]
[EventDate "2020.03.07"]
[EventCountry "CZE"]
[SourceTitle "playchess.com"]
[Source "ChessBase"]
[SourceQuality "1"]
[TimeControl "5400+30"]

1. e4 e5 2. Nf3 Nc6 3. Nc3 Bc5 4. Nxe5 Nxe5 5. d4 Bd6 6. dxe5 Bxe5 7. Bc4 d6 8. Be3 Bxc3+ 9. bxc3 Nf6 10. Qd3 Be6 11. Bb3 O-O 12. O-O Qe7 13. Bg5 Rad8 14. Rad1 c6 15. f4 d5 16. e5 Qc5+ 17. Qd4 Qxd4+ 18. cxd4 h6 19. exf6 hxg5 20. fxg5 gxf6 21. gxf6 1-0

[Event "CZE-ch U10 2020"]
[Site "Kouty nad Desnou"]
[Date "2020.03.08"]
[Round "2.1"]
[White "Bouska, Jiri"]
[Black "Gorej, Vojtech"]
[Result "0-1"]
[ECO "A52"]
[WhiteElo "1643"]
[BlackElo "1360"]
[Annotator "NA"]
[PlyCount "72"]
[EventDate "2020.03.07"]
[EventCountry "CZE"]
[SourceTitle "playchess.com"]
[Source "ChessBase"]
[SourceQuality "1"]
[TimeControl "5400+30"]

1. d4 Nf6 2. c4 e5 3. dxe5 Ng4 4. Nf3 Bc5 5. e3 Nc6 6. h3 Ngxe5 7. Nxe5 Nxe5 8. Be2 d6 9. b3 Nf3+ 10. Bxf3 Qf6 11. Nc3 Bb4 12. Bd2 Bxc3 13. Rc1 Be5 14. Qc2 Qe7 15. Bc3 O-O 16. Bxe5 dxe5 17. O-O c6 18. Rfd1 Be6 19. Qe4 f6 20. c5 Rad8 21. Qb4 Bc8 22. Rd6 Rxd6 23. cxd6 Qd7 24. e4 g6 25. Rd1 h5 26. Qc4+ Kg7 27. a4 Rd8 28. a5 Qe6 29. a6 Qxc4 30. bxc4 b6 31. g4 h4 32. c5 bxc5 33. Rc1 Bxa6 34. Rxc5 Bb5 35. g5 Rxd6 36. gxf6+ Kxf6 0-1

[Event "CZE-ch U10 2020"]
[Site "Kouty nad Desnou"]
[Date "2020.03.08"]
[Round "2.2"]
[White "Vana, Jan"]
[Black "Delgerdalai, Bayarjavkhlan"]
[Result "0-1"]
[ECO "B90"]
[WhiteElo "1268"]
[BlackElo "1553"]
[Annotator "NA"]
[PlyCount "114"]
[EventDate "2020.03.07"]
[EventCountry "CZE"]
[SourceTitle "playchess.com"]
[Source "ChessBase"]
[SourceQuality "1"]
[TimeControl "5400+30"]

1. e4 c5 2. Nf3 d6 3. d4 cxd4 4. Nxd4 Nf6 5. Nc3 a6 6. f3 e6 7. Bc4 Be7 8. Bb3 Qc7 9. Be3 Nc6 10. Qd2 b5 11. g4 Nxd4 12. Bxd4 O-O 13. h4 b4 14. Na4 a5 15. O-O-O Ba6 16. Bxf6 Bxf6 17. Qxd6 Qxd6 18. Rxd6 Be2 19. Rh3 Bf1 20. Rh1 Bg2 21. Rg1 Bxf3 22. Nb6 Rfd8 23. Rxd8+ Rxd8 24. Nc4 Bxh4 25. e5 Bg5+ 26. Kb1 Bxg4 27. c3 h5 28. Nxa5 bxc3 29. bxc3 Bf4 30. Nc6 Rd3 31. Kb2 g5 32. a4 Bf3 33. Nd4 Bb7 34. Bc4 Rd2+ 35. Kb3 g4 36. Re1 h4 37. a5 h3 38. a6 Ba8 39. Bb5 Rxd4 40. cxd4 h2 41. Bd7 g3 42. Bc8 g2 43. Bb7 g1=Q 44. Re2 h1=Q 45. Bxh1 Bxh1 46. a7 Qb1+ 47. Kc4 Qf1 48. Kd3 Be4+ 49. Kxe4 Qxe2+ 50. Kxf4 Qa6 51. Kg5 Qxa7 52. Kf6 Qxd4 53. Kg5 Qxe5+ 54. Kg4 Qe3 55. Kh5 Kg7 56. Kh4 f5 57. Kh5 Qh6# 0-1

[Event "CZE-ch U10 2020"]
[Site "Kouty nad Desnou"]
[Date "2020.03.08"]
[Round "2.3"]
[White "Chon, Jeremy"]
[Black "Stefaniv, Vladyslav"]
[Result "1-0"]
[ECO "A41"]
[WhiteElo "1449"]
[BlackElo "1265"]
[Annotator "NA"]
[PlyCount "58"]
[EventDate "2020.03.07"]
[EventCountry "CZE"]
[SourceTitle "playchess.com"]
[Source "ChessBase"]
[SourceQuality "1"]
[TimeControl "5400+30"]

1. d4 d6 2. Nf3 g6 3. b3 Bg7 4. Bb2 Nf6 5. e3 O-O 6. Bd3 b6 7. O-O Bb7 8. Nbd2 Nbd7 9. Qe2 c5 10. c4 d5 11. Rac1 Rc8 12. Rc2 Rc6 13. Ne5 Nxe5 14. dxe5 Ne8 15. cxd5 Rc7 16. e4 f6 17. e6 Nd6 18. Rfc1 Qb8 19. b4 Rfc8 20. bxc5 Rxc5 21. Rxc5 bxc5 22. Ba3 f5 23. Rxc5 Rxc5 24. Bxc5 Be5 25. g3 fxe4 26. Bxe4 Qf8 27. Bxd6 Bxd6 28. Qf3 Qe8 29. Nc4 Qf8 1-0

[Event "CZE-ch U10 2020"]
[Site "Kouty nad Desnou"]
[Date "2020.03.08"]
[Round "2.4"]
[White "Alidis, Myron"]
[Black "Komarek, Tobias"]
[Result "1-0"]
[ECO "C47"]
[WhiteElo "1395"]
[BlackElo "1235"]
[Annotator "NA"]
[PlyCount "151"]
[EventDate "2020.03.07"]
[EventCountry "CZE"]
[SourceTitle "playchess.com"]
[Source "ChessBase"]
[SourceQuality "1"]
[TimeControl "5400+30"]

1. e4 e5 2. Nf3 Nc6 3. Nc3 Nf6 4. d4 exd4 5. Nxd4 Bc5 6. Be3 Bb6 7. f3 O-O 8. Qd2 Re8 9. O-O-O d5 10. Nxc6 bxc6 11. Bxb6 axb6 12. a3 Bb7 13. Bd3 d4 14. Ne2 c5 15. Bc4 Ba6 16. Bxa6 Rxa6 17. c3 Ra8 18. cxd4 cxd4 19. Qxd4 Qe7 20. Qb4 Qe6 21. Nf4 Qe5 22. Nd5 Nxd5 23. Rxd5 Qf4+ 24. Qd2 Qf6 25. Rd1 h6 26. Qc3 Qxc3+ 27. bxc3 Rxa3 28. Kb2 Raa8 29. Rd7 c5 30. Rb7 Reb8 31. Rdd7 Rd8 32. c4 Rab8 33. Rxd8+ Rxd8 34. Kc3 Rd6 35. e5 Re6 36. f4 g5 37. g3 f6 38. exf6 Rxf6 39. fxg5 hxg5 40. Kb3 Kf8 41. Ka4 Rf2 42. Rxb6 Kf7 43. h4 gxh4 44. gxh4 Rf4 45. Kb5 Rxh4 46. Kxc5 Ke7 47. Kd5 Kd8 48. c5 Rh5+ 49. Kc6 Rh6+ 50. Kb7 Rh7+ 51. Kb8 Rh5 52. c6 Rc5 53. Kb7 Rc4 54. Rb3 Rc1 55. Rd3+ Ke7 56. c7 Rb1+ 57. Kc8 Rc1 58. Re3+ Kd6 59. Kd8 Rxc7 60. Rd3+ Kc6 61. Rc3+ Kd5 62. Rxc7 Ke5 63. Rd7 Ke4 64. Ke7 Ke5 65. Rd1 Ke4 66. Ke6 Kf4 67. Re1 Kf3 68. Kf5 Kf2 69. Re4 Kf3 70. Ke5 Kf2 71. Kf4 Kg2 72. Re2+ Kf1 73. Kf3 Kg1 74. Ra2 Kh1 75. Kg3 Kg1 76. Ra1# 1-0

[Event "CZE-ch U10 2020"]
[Site "Kouty nad Desnou"]
[Date "2020.03.08"]
[Round "2.5"]
[White "Krautschneider, Daniel Jan"]
[Black "Roubal, Matyas"]
[Result "1-0"]
[ECO "C55"]
[WhiteElo "1236"]
[BlackElo "1380"]
[Annotator "NA"]
[PlyCount "147"]
[EventDate "2020.03.07"]
[EventCountry "CZE"]
[SourceTitle "playchess.com"]
[Source "ChessBase"]
[SourceQuality "1"]
[TimeControl "5400+30"]

1. e4 e5 2. Nf3 Nc6 3. Bc4 Nf6 4. c3 d5 5. exd5 Nxd5 6. d4 exd4 7. cxd4 Bb4+ 8. Bd2 Qe7+ 9. Qe2 Qxe2+ 10. Bxe2 O-O 11. O-O Re8 12. Bc4 Nb6 13. Bb5 Bxd2 14. Nbxd2 Bd7 15. Rfe1 a6 16. Bd3 Rad8 17. h3 Be6 18. Re4 Bd5 19. Rxe8+ Rxe8 20. Kf1 g6 21. Rc1 Re7 22. a3 f5 23. Nc4 Bxf3 24. gxf3 Nxd4 25. Na5 c6 26. Kg2 Kg7 27. Rd1 Nd5 28. Bxa6 Nf4+ 29. Kg3 Nfe2+ 30. Bxe2 Nxe2+ 31. Kg2 Kh6 32. Re1 Nf4+ 33. Kf1 Rc7 34. Rc1 Nxh3 35. b4 Nf4 36. b5 Nd3 37. Rc3 Ne5 38. Re3 Re7 39. f4 b6 40. Nb3 cxb5 41. Rxe5 Ra7 42. Rxb5 Rxa3 43. Nd4 Kh5 44. Ne6 Kg4 45. Kg2 h6 46. Rxb6 g5 47. fxg5 hxg5 48. Rb4+ f4 49. Nd4 Ra2 50. Nf3 Ra3 51. Ne5+ Kh4 52. Rb8 g4 53. Rh8+ Kg5 54. Rg8+ Kf5 55. Nxg4 Ra6 56. Nh2 Ra2 57. Rf8+ Ke4 58. Ng4 Ra6 59. f3+ Kd5 60. Rxf4 Rg6 61. Kg3 Rg8 62. Rf5+ Ke6 63. Kf4 Rg7 64. Rf6+ Ke7 65. Kf5 Ke8 66. Nh6 Ra7 67. f4 Rb7 68. Kg6 Rb1 69. f5 Rg1+ 70. Kh7 Rg5 71. Rg6 Rh5 72. f6 Rxh6+ 73. Kxh6 Kf7 74. Kg5 1-0

[Event "CZE-ch U10 2020"]
[Site "Kouty nad Desnou"]
[Date "2020.03.08"]
[Round "2.6"]
[White "Bulawa, Adam"]
[Black "Svadlenka, Dominik"]
[Result "0-1"]
[ECO "B13"]
[WhiteElo "1014"]
[BlackElo "1410"]
[Annotator "NA"]
[PlyCount "72"]
[EventDate "2020.03.07"]
[EventCountry "CZE"]
[SourceTitle "playchess.com"]
[Source "ChessBase"]
[SourceQuality "1"]
[TimeControl "5400+30"]

1. e4 c6 2. d4 d5 3. exd5 cxd5 4. Nc3 Nc6 5. Nf3 Bg4 6. h3 Bh5 7. g4 Bg6 8. Ne5 Nf6 9. Nxc6 bxc6 10. f3 Qc7 11. Be3 e6 12. a3 Rb8 13. b4 Bd6 14. Qd2 O-O 15. b5 c5 16. dxc5 Bxc5 17. Bf4 e5 18. Bh2 Bd4 19. O-O-O Bxc3 20. Qe2 Rfc8 21. Kb1 a6 22. Qf2 axb5 23. Bd3 Bxd3 24. Rxd3 b4 25. axb4 Rxb4+ 26. Kc1 Bd4 27. Qg2 Rc4 28. Rd2 Be3 29. Kd1 Bxd2 30. Qxd2 Rxc2 31. Qe3 Rc1+ 32. Ke2 Qc2+ 33. Qd2 Qc4+ 34. Qd3 Rc2+ 35. Ke1 Qxd3 36. Bf4 Qe2# 0-1

[Event "CZE-ch U10 2020"]
[Site "Kouty nad Desnou"]
[Date "2020.03.08"]
[Round "2.8"]
[White "Stary, Vojtech"]
[Black "Srba, Daniel"]
[Result "1-0"]
[ECO "C47"]
[WhiteElo "1559"]
[BlackElo "1145"]
[Annotator "NA"]
[PlyCount "68"]
[EventDate "2020.03.07"]
[EventCountry "CZE"]
[SourceTitle "playchess.com"]
[Source "ChessBase"]
[SourceQuality "1"]
[TimeControl "5400+30"]

1. e4 e5 2. Nf3 Nc6 3. Nc3 Nf6 4. d4 exd4 5. Nxd4 Bb4 6. Nxc6 dxc6 7. Qxd8+ Kxd8 8. f3 Re8 9. Bc4 Nxe4 10. fxe4 Rxe4+ 11. Be2 Bg4 12. Kf2 Bxc3 13. Bxg4 Bxb2 14. Bxb2 Rxg4 15. Rad1+ Kc8 16. Rhe1 b6 17. Re8+ Kb7 18. Rxa8 Kxa8 19. a3 Kb7 20. Rd7 f6 21. Rd4 Rxd4 22. Bxd4 c5 23. Bb2 a5 24. Ke3 Kc6 25. c4 Kd6 26. Ke4 Ke6 27. Bc3 c6 28. g3 b5 29. Bxa5 g6 30. h3 g5 31. g4 h5 32. Bc3 bxc4 33. a4 Kd7 34. gxh5 Ke8 1-0

[Event "CZE-ch U10 2020"]
[Site "Kouty nad Desnou"]
[Date "2020.03.08"]
[Round "2.9"]
[White "Letal, Hynek"]
[Black "Svadlenka, Michal"]
[Result "0-1"]
[ECO "B77"]
[WhiteElo "1127"]
[BlackElo "1309"]
[Annotator "NA"]
[PlyCount "52"]
[EventDate "2020.03.07"]
[EventCountry "CZE"]
[SourceTitle "playchess.com"]
[Source "ChessBase"]
[SourceQuality "1"]
[TimeControl "5400+30"]

1. e4 c5 2. Nf3 d6 3. d4 cxd4 4. Nxd4 Nf6 5. Nc3 g6 6. Be3 Bg7 7. f3 O-O 8. Qd2 Nc6 9. Bc4 Bd7 10. Bb3 Rb8 11. h4 h5 12. O-O-O b5 13. Nxc6 Bxc6 14. Bh6 a5 15. Bxg7 Kxg7 16. g4 a4 17. Bd5 b4 18. Ne2 Bxd5 19. exd5 b3 20. a3 bxc2 21. Kxc2 Qb6 22. Kb1 Qb3 23. g5 Nxd5 24. f4 Rfc8 25. Nd4 Nc3+ 26. Ka1 Qa2# 0-1

[Event "CZE-ch U10 2020"]
[Site "Kouty nad Desnou"]
[Date "2020.03.08"]
[Round "2.10"]
[White "Soucek, Andrej"]
[Black "Policar, Martin"]
[Result "0-1"]
[ECO "C45"]
[WhiteElo "1043"]
[BlackElo "1264"]
[Annotator "NA"]
[PlyCount "152"]
[EventDate "2020.03.07"]
[EventCountry "CZE"]
[SourceTitle "playchess.com"]
[Source "ChessBase"]
[SourceQuality "1"]
[TimeControl "5400+30"]

1. e4 e5 2. Nf3 Nc6 3. d4 exd4 4. Nxd4 Bc5 5. Nb3 Bb6 6. Nc3 d6 7. Bd3 Nf6 8. O-O Bg4 9. Be2 Bxe2 10. Qxe2 O-O 11. Bf4 Re8 12. Qf3 Qe7 13. Rfe1 d5 14. e5 Rad8 15. Rad1 Nb4 16. Qe2 Nd7 17. Nxd5 Nxd5 18. Rxd5 c6 19. Rd2 Bc7 20. Qh5 f6 21. Rde2 fxe5 22. Bg5 Nf6 23. Bxf6 Qxf6 24. Re3 Rf8 25. Rf3 Qe6 26. Rxf8+ Rxf8 27. Qe2 Qf6 28. Rf1 Qh6 29. h3 Qf4 30. Qg4 Qxg4 31. hxg4 Rf4 32. f3 Bb6+ 33. Kh2 e4 34. Kg3 Bc7 35. Kf2 Bb6+ 36. Kg3 Rf7 37. Re1 e3 38. Kh2 Re7 39. Nc1 Bc7+ 40. g3 Ba5 41. Re2 Bd2 42. Nd3 Rc7 43. Nc5 Rf7 44. Kg2 Kf8 45. Nb3 Rd7 46. c3 b6 47. f4 c5 48. Kf3 c4 49. Nd4 a6 50. a4 Rd5 51. Ne6+ Kg8 52. Nd4 g6 53. Rg2 Ra5 54. Rg1 Rxa4 55. Rb1 b5 56. Ke2 b4 57. cxb4 Rxb4 58. Nc2 Rb3 59. Nd4 Rd3 60. Nc2 Kf7 61. Ra1 Rb3 62. Rb1 c3 63. g5 Rxb2 64. Rxb2 cxb2 65. Na3 Ke6 66. g4 a5 67. Kd3 a4 68. Ke2 Bb4 69. Nb1 a3 70. Kxe3 a2 71. Nd2 Bxd2+ 72. Kxd2 b1=Q 73. Ke3 Qd1 74. Kf2 a1=R 75. Ke3 Ra3+ 76. Ke4 Qa4# {Kd4 Ke5+} 0-1

[Event "CZE-ch U10 2020"]
[Site "Kouty nad Desnou"]
[Date "2020.03.08"]
[Round "2.11"]
[White "Chernyy, Andrey"]
[Black "Ruzicka, Oto"]
[Result "0-1"]
[ECO "C50"]
[WhiteElo "1208"]
[BlackElo "1168"]
[Annotator "NA"]
[PlyCount "64"]
[EventDate "2020.03.07"]
[EventCountry "CZE"]
[SourceTitle "playchess.com"]
[Source "ChessBase"]
[SourceQuality "1"]
[TimeControl "5400+30"]

1. e4 e5 2. Nf3 Nc6 3. Bc4 Nf6 4. d3 Bc5 5. O-O d6 6. c3 Be6 7. Bb3 O-O 8. Nbd2 Qe7 9. h3 h6 10. Bc2 Rad8 11. Re1 d5 12. exd5 Bxd5 13. Nxe5 Nxe5 14. d4 Bd6 15. dxe5 Bxe5 16. c4 Bxc4 17. Bb3 Bxb3 18. Qxb3 Bh2+ 19. Kf1 Qc5 20. g3 Rfe8 21. Rxe8+ Rxe8 22. Qc4 Qf5 23. Kg2 Re1 24. Nf3 Bxg3 25. fxg3 b5 26. Qc3 Re2+ 27. Kf1 Ne4 28. Qb3 Nxg3+ 29. Kg1 Qxh3 30. Qxf7+ Kxf7 31. Ne5+ Kg8 32. Ng4 Qg2# 0-1

[Event "CZE-ch U10 2020"]
[Site "Kouty nad Desnou"]
[Date "2020.03.08"]
[Round "2.12"]
[White "Stejskal, Jakub"]
[Black "Milek, Tobias"]
[Result "1-0"]
[ECO "B77"]
[WhiteElo "1557"]
[BlackElo "1163"]
[Annotator "NA"]
[PlyCount "51"]
[EventDate "2020.03.07"]
[EventCountry "CZE"]
[SourceTitle "playchess.com"]
[Source "ChessBase"]
[SourceQuality "1"]
[TimeControl "5400+30"]

1. e4 c5 2. Nf3 d6 3. d4 cxd4 4. Nxd4 Nf6 5. Nc3 g6 6. Be3 Bg7 7. f3 Nc6 8. Bc4 O-O 9. Qd2 Nxd4 10. Bxd4 Bd7 11. O-O Rc8 12. Bb3 e6 13. Rad1 b6 14. e5 dxe5 15. Bxe5 Bc6 16. Qf4 Nh5 17. Rxd8 Nxf4 18. Rxf8+ Kxf8 19. Bxf4 Rd8 20. Rd1 Rxd1+ 21. Nxd1 Bd4+ 22. Be3 Be5 23. c3 Kg8 24. Nf2 Bd7 25. Ng4 Bc7 26. Nf6+ 1-0